 Dungeon Crawl Stone Soup version 0.22-b1-21-g5cfc168 (webtiles) character file.

191 tyranidshit the Skirmisher (level 5, -3/41 HPs)
             Began as a Demonspawn Abyssal Knight on Aug 3, 2018.
             Was a Believer of Lugonu.
             Slain by an iguana (10 damage)
             ... on level 4 of the Dungeon.
             The game lasted 00:04:56 (2479 turns).

tyranidshit the Skirmisher (DsAK)                   Turns: 2479, Time: 00:04:57

Health: -3/41      AC:  6    Str: 18      XL:     5   Next: 42%
Magic:  6/6        EV: 10    Int: 12 (13) God:    Lugonu [**....]
Gold:   184        SH:  0    Dex: 12      Spells: 4/4 levels left

rFire    . . .     SeeInvis .   g - +0 war axe
rCold    . . .     Gourm    .   (no shield)
rNeg     . . .     Faith    .   d - +0 ring mail
rPois    .         Spirit   .   (no helmet)
rElec    .         Reflect  .   i - +0 cloak
rCorr    .         Harm     .   (no gloves)
MR       .....                  (no boots)
Stlth    ..........             (no amulet)
HPRegen  0.13/turn              (no ring)
MPRegen  0.10/turn              (no ring)

@: no status effects
A: hooves 2, frail 1, strong 2
a: Depart the Abyss, Bend Space, Renounce Religion


You were on level 4 of the Dungeon.
You worshipped Lugonu.
Lugonu was pleased with you.
You were not hungry.

You visited 1 branch of the dungeon, and saw 4 of its levels.
You visited the Abyss 1 time.

You collected 184 gold pieces.

Inventory:

Hand Weapons
 a - a +1 hand axe
 g - a +0 war axe (weapon)
Armour
 b - a +0 leather armour
 d - a +0 ring mail (worn)
 i - a +0 cloak (worn)
Wands
 f - a wand of polymorph (5)
Scrolls
 h - a scroll of remove curse
Comestibles
 c - 7 rations


   Skills:
 + Level 5.9 Fighting
 - Level 2.3 Axes
 - Level 1.7 Armour
 - Level 0.8 Dodging
 - Level 2.4 Invocations


You had 4 spell levels left.
You didn't know any spells.
Your spell library was empty.

Dungeon Overview and Level Annotations

Branches:
Dungeon (4/15)
 Temple: D:4-7

Altars:
Ru

Annotations:
D:4 Sigmund


Innate Abilities, Weirdness & Mutations

You have hoof-like feet.
You are frail. (-10% HP)
Your muscles are very strong. (Str +4)


Message History

Sigmund points at you and mumbles some strange words.
The magic dart hits you!
Unknown command.
You hit Sigmund but do no damage. You kick Sigmund.
Sigmund is heavily wounded.
You closely miss the iguana. The iguana closely misses you. Sigmund misses you.
The iguana bites you!
* * * LOW HITPOINT WARNING * * *
Unknown command.
You closely miss Sigmund. Your kick misses Sigmund.
Sigmund is heavily wounded.
You hit the orc. You hit the iguana.
You feel sick.
You are no longer poisoned.
The iguana bites you.
* * * LOW HITPOINT WARNING * * *
The orc hits you but does no damage. Sigmund hits you but does no damage.
You closely miss Sigmund. You kick Sigmund.
Sigmund is heavily wounded.
You barely miss the iguana. You hit the orc. The iguana bites you!
You die...

#.# #.# ... #.#
..#### #.# .....#
#.# #....# #.#
#....# #.# #....#
#.# #l@o.# #.#
#.@..# #.# #....+
#.# #....# #.#
##.#####.
#.#######.......>.
#........†.......#
########...(.....+
#........##
#........#


You could see Sigmund, an iguana and an orc.

Vanquished Creatures
  An orc priest (D:3)
  Robin (D:3)
  6 adders
  2 worms
  A dart slug (D:2)
  2 leopard geckos
  2 orcs (D:3)
  A ball python (D:1)
  6 giant cockroaches
  12 goblins
  9 hobgoblins
  13 jackals
  2 quokkas
  12 bats
  2 frilled lizards
  2 kobolds
  4 rats
78 creatures vanquished.

Notes
Turn   | Place    | Note
-------+----------+-------------------------------------------
     0 | Abyss:1  | tyranidshit the Demonspawn Abyssal Knight began the quest for the Orb.
     0 | Abyss:1  | Reached XP level 1. HP: 18/18 MP: 2/2
    59 | Abyss:1  | Noticed an iron imp
    89 | Abyss:1  | Noticed a ynoxinul
    90 | D:1      | Escaped the Abyss
   182 | D:1      | Reached * piety under Lugonu
   258 | D:1      | Gained mutation: You have large cloven feet. [demonic ancestry]
   258 | D:1      | Reached XP level 2. HP: 19/24 MP: 3/3
   839 | D:2      | Reached XP level 3. HP: 30/30 MP: 4/4
   893 | D:2      | Found a sacrificial altar of Ru.
   923 | D:2      | Reached skill level 4 in Fighting
  1208 | D:2      | Reached ** piety under Lugonu
  1454 | D:2      | Reached XP level 4. HP: 32/38 MP: 5/5
  1529 | D:3      | Noticed Robin
  1556 | D:3      | Killed Robin
  1662 | D:3      | Reached skill level 5 in Fighting
  2073 | D:3      | Gained mutation: You have hoof-like feet. [demonic ancestry]
  2073 | D:3      | Reached XP level 5. HP: 34/45 MP: 6/6
  2443 | D:4      | Gained mutation: Your muscles are strong. (Str +2) [potion of mutation]
  2443 | D:4      | Gained mutation: You are frail. (-10% HP) [potion of mutation]
  2443 | D:4      | Gained mutation: Your muscles are very strong. (Str +4) [potion of mutation]
  2470 | D:4      | Noticed Sigmund
  2479 | D:4      | Slain by an iguana

Skill      XL: |  1  2  3  4 |
---------------+-------------+-----
Axes           | 2 |  2.3
Fighting       | 4 5 |  5.9
Armour         | |  1.7
Dodging        | |  0.8
Invocations    | |  2.4

Action                   |  1- 3 |  4- 6 || total
-------------------------+-------+-------++-------
Melee: Hand axe          |   121 |       ||   121
       Kick              |    16 |    18 ||    34
       War axe           |    28 |    97 ||   125
Invok: Depart the Abyss  |     1 |       ||     1
  Use: Scroll            |     5 |     2 ||     7
       Potion            |     3 |     2 ||     5
  Eat: Ration            |     1 |     1 ||     2
Armor: Leather armour    |    36 |       ||    36
       Ring mail         |    27 |    56 ||    83
Dodge: Dodged            |   101 |    78 ||   179
